 Dungeon Sprint DCSS version 0.28-a0-915-gcd63401287 (webtiles) character file.

Game seed: 7925669988227705933

7 Turgor the Chopper (level 1, -1/30 HPs)
             Began as a Minotaur Berserker on Nov 25, 2021.
             Was a Follower of Trog.
             Slain by a merfolk siren (12 damage)
             ... in the Dungeon (Sprint II: "The Violet Keep of Menkaure").
             The game lasted 00:00:37 (159 turns).

Turgor the Chopper (Minotaur Berserker)              Turns: 159, Time: 00:00:37

Health: -1/30      AC:  2    Str: 21    XL:     1   Next: 83%
Magic:  0/0        EV: 12    Int:  4    God:    Trog [*.....]
Gold:   243        SH:  0    Dex:  9    Spells: 0/0 levels left

rFire   . . .      SeeInvis .   a - +0 hand axe
rCold   . . .      Faith    .   (no shield)
rNeg    . . .      Spirit   .   b - +0 animal skin
rPois   .          Reflect  .   (helmet restricted)
rElec   .          Harm     .   (no cloak)
rCorr   .          Rampage  .   (no gloves)
Will    .....      NoTele   +   (no boots)
Stlth   ..........              (no amulet)
HPRegen 0.10/turn               (no ring)
MPRegen 0.07/turn               (no ring)

@: berserking (expiring), very quick
A: horns 2, retaliatory headbutt
a: Renounce Religion, Berserk


You were in the Dungeon.
You worshipped Trog.
Trog was aware of your devotion.
You visited 1 branch You collected 243 gold pieces.

Inventory:

Hand Weapons
 a - a +0 hand axe (weapon)
Armour
 b - a +0 animal skin (worn)
Scrolls
 h - a scroll of blinking
Potions
 c - a potion of curing
 d - a potion of heal wounds
 e - a potion of haste
 f - 2 potions of magic
 g - a potion of berserk rage


   Skills:
 + Level 4.1 Fighting
 * Level 4.6 Axes
 + Level 3.1 Armour
 + Level 2.8 Dodging


You couldn't memorise any spells.
You didn't know any spells.
Your spell library was empty.

Dungeon Overview and Level Annotations

Branches:
Dungeon (1/1)

Altars:


Innate Abilities, Weirdness & Mutations

You have a pair of horns on your head.
You reflexively headbutt those who attack you in melee.


Message History

You hit the worm but do no damage. You headbutt the worm.
The worm is severely wounded.
You barely miss the worm.
The worm is severely wounded.
The worm closely misses you.
You slash the worm!
You kill the worm!
Trog accepts your kill.
Your Armour skill increases to level 3!
There is an open door here.
You now have 243 gold pieces.
There is an open door here.
You start resting.
HP restored.
There is a staircase leading out of the dungeon here.
You open the door.
A merfolk siren comes into view. It is wielding a +0 spear.
Found 243 gold pieces.
A red film seems to cover your vision as you go berserk!
You feel yourself moving faster!
You feel mighty! The merfolk siren closely misses you.
You feel a strong urge to attack something.
The merfolk siren hits you with a +0 spear!
There is an open door here.
You miss the merfolk siren. Your headbutt misses the merfolk siren.
The merfolk siren hits you with a +0 spear!
You hit the merfolk siren. Your headbutt misses the merfolk siren.
The merfolk siren is lightly wounded.
The merfolk siren barely misses you. You furiously retaliate!
You headbutt the merfolk siren. You slash the merfolk siren!
Your headbutt misses the merfolk siren.
The merfolk siren is moderately wounded.
You closely miss the merfolk siren.
The merfolk siren is moderately wounded.
The merfolk siren closely misses you. You furiously retaliate!
You headbutt the merfolk siren. You closely miss the merfolk siren.
You headbutt the merfolk siren!
The merfolk siren is severely wounded.
The merfolk siren hits you with a +0 spear!
You die...

## #+#
#.##
##.##...#
+.<.@m#
##.##...#
#'###.##
#..####
##..#
#.## +##


You could see a merfolk siren.

Vanquished Creatures
  2 worms (D)
2 creatures vanquished.

Notes
Turn   | Place    | Note
-------+----------+-------------------------------------------
     0 | D        | Turgor the Minotaur Berserker began the quest for the Orb.
     0 | D        | Reached XP level 1. HP: 19/19 MP: 0/0
   152 | D        | Noticed a merfolk siren
   159 | D        | Slain by a merfolk siren

Illustrated notes

Levels and vault maps discovered:
D:        the_violet_keep_of_menkaure [sprint2_stairs_cluster_1,
          sprint2_shoproom, sprint2_temple, sprint2_basic_supplies,
          sprint2_obstacle_1, sprint2_obstacle_7, sprint2_obstacle_5,
          sprint2_obstacle_4, sprint2_obstacle_6, sprint2_timed_cluster_1,
          sprint2_smallroom_cluster_1, sprint2_smallroom_final_cluster_1,
          sprint2_transparent_cluster_1, sprint2_second_timed_cluster_1,
          sprint2_sniper_area_1, sprint2_heavy_combat_area_1,
          sprint2_mutation_trap_area_1, sprint2_forest_area_1,
          sprint2_light_combat_area_1, sprint2_behind_water_1,
          sprint2_near_end_vault_1]

Skill      XL: |  1 |
---------------+----+-----
Fighting       | 4 |  4.1
Axes           | 4 |  4.6
Armour         | 3 |  3.1
Dodging        | |  2.8

Action                   || total
-------------------------++-------
Melee: Hand axe          ||    15
       Headbutt          ||     3
Invok: Berserk           ||     1
Dodge: Dodged            ||     7

Table legend: (Time is in decaauts)
 A = Elapsed time spent in this place.
 B = Non-inter-level travel time spent in this place.
 C = Inter-level travel time spent in this place.
 D = Time resting spent in this place.
 E = Time spent auto-exploring this place.
 F = Levels seen in this place.
 G = Mean time per level.
                   A        B        C        D        E       F      G
               +--------+--------+--------+--------+--------+-----+--------+
         Total |    158 |    158 |      0 |    128 |      0 |   1 |  158.0 |
       Dungeon |    158 |    158 |      0 |    128 |      0 |   1 |  158.0 |
               +--------+--------+--------+--------+--------+-----+--------+

Top non-repeatable levels by time:
       D: 158 daAuts
